 Dungeon Crawl Stone Soup version 0.18-a0-1778-gadce9fa (webtiles) character file.

55 nono the Sneak (level 3, 0/16 HPs)
             Began as a Vine Stalker Enchanter on Apr 16, 2016.
             Killed from afar by Robin (7 damage)
             ... with a wand of flame
             ... on level 2 of the Dungeon.
             The game lasted 00:04:13 (1315 turns).

nono the Sneak (Vine Stalker Enchanter)             Turns: 1315, Time: 00:04:13

Health: 0/16       AC:  5    Str: 10    XL:     3   Next: 93%
Magic:  0/8        EV: 12    Int: 16    God:
Gold:   116        SH:  0    Dex: 14    Spells: 3 memorised, 1 level left

rFire  . . .     SeeInvis .     a - +1 dagger
rCold  . . .     Gourm    .     b - +1 robe
rNeg   . . .     Faith    .     (no shield)
rPois  .         Spirit   +     e - +0 helmet
rElec  .         Dismiss  .     (no cloak)
rCorr  .         Reflect  .     f - +0 pair of gloves
SustAt .         Harm     .     (no boots)
MR     .....                    (no amulet)
Stlth  +++.......               (no ring)
                                (no ring)

@: not resistant to hostile enchantments, fairly stealthy
A: fangs 2, regeneration 1, magic shield, antimagic bite, no device heal 3, rot
immunity
a: no special abilities


You were on level 2 of the Dungeon.
You were hungry.

You visited 1 branch of the dungeon, and saw 2 of its levels.

You collected 116 gold pieces.

Inventory:

Hand Weapons
 a - a +1 dagger (weapon)
Armour
 b - a +1 robe (worn)
 e - a +0 helmet (worn)
 f - a +0 pair of gloves (worn)
Scrolls
 i - a scroll of teleportation {unknown}
 j - a scroll of remove curse {unknown}
 k - 2 scrolls of enchant weapon {unknown}
 l - a scroll of identify {unknown}
Potions
 g - a potion of resistance {unknown}
 h - a potion of heal wounds {unknown}
 m - a potion of cancellation {unknown}
Books
 c - a book of Maledictions

   Spells                             Type                      Level
   a - Corona                         Hexes                        1
   b - Ensorcelled Hibernation        Hexes/Ice                    2
   c - Confuse                        Hexes                        3
   d - Tukima's Dance                 Hexes                        3
   e - Dazzling Spray                 Conjuration/Hexes            3
Comestibles
 d - 2 bread rations


   Skills:
 + Level 1.3 Short Blades
 - Level 1.5 Dodging
 + Level 4.3 Stealth
 + Level 2.9 Spellcasting
 + Level 3.5 Hexes


You had one spell level left.
You knew the following spells:

 Your Spells              Type           Power        Failure   Level  Hunger
a - Ensorcelled Hibernat  Hex/Ice        #.....       14%         2    ##.....
b - Corona                Hex            ##.....      6%          1    #......
q - Confuse               Hex            ##......     14%         3    ###....


Dungeon Overview and Level Annotations

Branches:
Dungeon (2/15)

Altars:

Annotations:
D:2 Robin


Innate Abilities, Weirdness & Mutations

You have extremely sharp teeth.
Your natural rate of healing is unusually fast.
When hurt, damage is shared between your health and your magic reserves.
Your bite disrupts and absorbs the magic of your enemies.
Potions and wands cannot restore your health.
You are immune to rotting.


Message History

You barely miss the goblin. You bite the goblin. You drain its power.
You feel invigorated.
You kill the goblin!
The goblin hits you with a dagger.
Robin says, "Bow before me, strongest of all the hobgoblins!"
Robin throws the goblin at you!
You closely miss the goblin. The goblin misses you.
The goblin closely misses you.
Robin roars a battlecry!
The goblin goes into a battle-frenzy!
You hit the goblin but do no damage. Your bite misses the goblin.
The goblin hits you with a dagger. The goblin hits you but does no damage.
You hit the goblin.
You kill the goblin!
The goblin barely misses you. Robin throws the goblin at you!
You closely miss the goblin. The goblin completely misses you.
You hit the goblin. Your bite misses the goblin.
The goblin is heavily wounded.
Robin zaps a wand.
The puff of flame hits you!
You die...

#.#..#..#.##......
#.#..#........w<#.
#.........#######.
###..####.# #..
#.).....# #..
###...##### ....
#gw..g..# ...#.
#†##.##.# .....
#@# .# .# #g# ## #
#.. ###. .# #


You could see a worm, Robin and a goblin.

Vanquished Creatures
  2 adders (D:2)
  2 giant geckos (D:2)
  4 bats
  2 giant cockroaches
  8 goblins
  6 hobgoblins
  2 giant newts (D:1)
  7 kobolds
  2 rats (D:1)
35 creatures vanquished.

Notes
Turn   | Place    | Note
--------------------------------------------------------------
     0 | D:1      | nono the Vine Stalker Enchanter began the quest for the Orb.
     0 | D:1      | Reached XP level 1. HP: 9/9 MP: 4/4
    81 | D:1      | Reached skill level 1 in Short Blades
   127 | D:1      | Reached XP level 2. HP: 13/13 MP: 6/6
   144 | D:1      | Learned a level 2 spell: Ensorcelled Hibernation
   975 | D:2      | Reached skill level 4 in Stealth
   995 | D:2      | Reached XP level 3. HP: 16/16 MP: 7/7
  1007 | D:2      | Learned a level 3 spell: Confuse
  1288 | D:2      | Noticed Robin
  1315 | D:2      | Killed from afar by Robin

Vault maps used:
D:1:      eino_arrival_cavern_b
D:2:      lemuel_coloured_pillars_altar, uniq_robin

Skill      XL: |  1  2 |
---------------+-------+-----
Short Blades   | 1 |  1.3
Stealth        | 4 |  4.3
Dodging        | |  1.5
Spellcasting   | |  2.9
Hexes          | |  3.5

Action                   || total
-------------------------++-------
Melee: Dagger            ||   135
       Bite              ||    25
 Cast: Ensorcelled Hiber ||     4
       Confuse           ||     2
       Corona            ||     2
 Stab: Sleeping          ||     8
  Eat: Chunk             ||     1
Armor: Robe              ||    36
Dodge: Dodged            ||   108
